 Dungeon Crawl Stone Soup version 0.30-a0-1074-g5db6f66fbb (webtiles) character file.

Game seed: 6301472199264011500

588 BlueFish the Sneak (level 7, -2/45 HPs)
             Began as an Octopode Transmuter on Apr 13, 2023.
             Killed by nerve-wracking pain
             ... invoked by Grinder
              (13 damage)
             ... on level 5 of the Dungeon.
             The game lasted 00:06:56 (3955 turns).

BlueFish the Sneak (Octopode Transmuter)            Turns: 3955, Time: 00:06:57

Health: -2/45      AC:  1    Str: 12    XL:     7   Next: 38%
Magic:  10/11      EV: 13    Int: 15    God:
Gold:   311        SH:  0    Dex: 12    Spells: 5/11 levels left

rFire   . . .      SeeInvis .    a - +1 mace (protect)
rCold   . . .      Faith    .    (no shield)
rNeg    . . .      Spirit   .    (helmet restricted)
rPois   .          Reflect  .    (no amulet)
rElec   .          Rampage  .    (no ring)
rCorr   .                        (no ring)
Will    .....                    (no ring)
Stlth   ++++                     (no ring)
HPRegen 0.27/turn                (no ring)
MPRegen 0.12/turn                (no ring)
                                 (no ring)
                                 (no ring)

@: no status effects
A: almost no armour, amphibious, 8 rings, camouflage 1, gelatinous body 1,
(nimble swimmer 1), tentacles
a: no special abilities


You were on level 5 of the Dungeon.
You visited 1 branch of the dungeon, and saw 5 of its levels.

You collected 311 gold pieces.

Inventory:

Hand Weapons
 a - a +1 mace of protection (weapon)
 b - a +0 sling
Missiles
 f - 43 stones
 n - 6 boomerangs
 o - 2 silver boomerangs
 r - 3 poisoned darts
 t - a throwing net
Jewellery
 k - a ring of flight
Scrolls
 d - a scroll of blinking
 i - a scroll of noise {unknown}
 j - 3 scrolls of enchant weapon
 l - 3 scrolls of teleportation
 s - a scroll of brand weapon {unknown}
 u - a scroll of immolation
Potions
 e - 2 potions of brilliance
 g - 2 potions of might
 h - a potion of magic {unknown}
 m - 2 potions of curing
 p - a potion of ambrosia
 q - a potion of lignification
 v - a potion of resistance {unknown}


   Skills:
 + Level 2.4 Fighting
 + Level 2.0 Throwing
 + Level 3.1 Dodging
 * Level 5.0 Stealth
 + Level 3.8 Unarmed Combat
 + Level 2.8 Spellcasting
 + Level 3.1 Transmutations
 * Level 3.5 Poison Magic


You had 5 spell levels left.
You knew the following spells:

 Your Spells              Type           Power      Damage    Failure   Level
a - Beastly Appendage     Tmut           22%        N/A       5%          1
b - Wereblood             Tmut           11%        N/A       9%          2
c - Spider Form           Tmut/Pois      12%        N/A       16%         3

Your spell library contained the following spells:

 Spells                   Type           Power      Damage    Failure   Level
 Ensorcelled Hibernation  Hex/Ice        4%         N/A       30%         2
 Ice Form                 Ice/Tmut       6%         N/A       71%         4
 Anguish                  Hex/Necr       1%         N/A       90%         4


Dungeon Overview and Level Annotations

Branches:
Dungeon (5/15)
 Temple: D:4-7

Altars:
Dithmenos
Hepliaklqana
Xom

Annotations:
D:4 3 runed translucent doors, IdlyInterested's ghost, novice DsGl
D:5 Grinder


Innate Abilities, Weirdness & Mutations

You cannot wear most types of armour.
You are amphibious.
You can wear up to eight rings at the same time.
Your skin changes colour to match your surroundings (Stealth+).
Your rubbery body absorbs attacks. (AC +1, EV +1)
((You are camouflaged when in or above water. (Stealth+)))
You have tentacles for arms and can constrict up to eight enemies at once.


Message History

Grinder misses you.
You hit Grinder.
Grinder is moderately wounded.
Grinder gestures at you. Pain shoots through your body!
You barely miss Grinder.
Grinder is moderately wounded.
You hit Grinder.
Grinder is moderately wounded.
Grinder gestures at you. You resist with significant effort.
You barely miss Grinder.
Grinder is moderately wounded.
Grinder hits you!
* * * LOW HITPOINT WARNING * * *
You writhe in agony.
* * * LOW HITPOINT WARNING * * *
You feel much better.
Grinder says, "DUCK!"
Grinder gestures at you. You resist with significant effort.
You barely miss Grinder.
Grinder is moderately wounded.
Grinder misses you.
You bite Grinder!
Grinder is heavily wounded.
Grinder barely misses you.
You hit Grinder.
Grinder is severely wounded.
Your transformation has ended.
Your +1 mace of protection unmelds from your body.
Your +1 mace of protection hums with potential!
Grinder gestures at you. Pain shoots through your body!
* * * LOW HITPOINT WARNING * * *
You closely miss Grinder. Your grab misses Grinder. You squeeze Grinder.
Grinder is severely wounded.
Grinder gestures at you. Pain shoots through your body!
You die...

##### #@5.#
#.........#
....#####...#
.. ##.# .# .#
.


You could see Grinder (poisoned).

Vanquished Creatures
  2 ogres
  A phantom (D:4)
  A hound (D:4)
  2 iguanas
  2 orc wizards (D:4)
  7 gnolls
  4 adders
  2 worms
  2 dart slugs
  15 orcs
  2 ball pythons (D:1)
  8 bats
  3 endoplasms
  2 giant cockroaches (D:4)
  13 goblins
  10 hobgoblins
  4 jackals (D:1)
  4 frilled lizards
  4 kobolds
  3 rats
91 creatures vanquished.

Vanquished Creatures (others)
  2 fungi (D:4)
  2 plants (D:4)
4 creatures vanquished.

Grand Total: 95 creatures vanquished

Notes
Turn   | Place    | Note
-------+----------+-------------------------------------------
     0 | D:1      | BlueFish the Octopode Transmuter began the quest for the
                  | Orb.
     0 | D:1      | Reached XP level 1. HP: 13/13 MP: 3/3
   212 | D:1      | Reached skill level 1 in Stealth
   218 | D:1      | Reached XP level 2. HP: 13/18 MP: 3/5
   352 | D:1      | Reached skill level 2 in Stealth
   352 | D:1      | Reached XP level 3. HP: 23/23 MP: 6/6
   355 | D:1      | Learned a level 2 spell: Wereblood
   359 | D:1      | Learned a level 3 spell: Spider Form
   716 | D:1      | Found a faded altar of an unknown god.
  1015 | D:2      | Reached XP level 4. HP: 21/28 MP: 4/7
  1019 | D:2      | Reached skill level 1 in Poison Magic
  1754 | D:3      | Found a shimmering altar of Xom.
  1755 | D:3      | Found a hazy altar of Hepliaklqana.
  1756 | D:3      | Noticed a spectral ugly thing
  1778 | D:3      | Reached skill level 1 in Throwing
  1778 | D:3      | Reached skill level 3 in Stealth
  1948 | D:3      | Reached XP level 5. HP: 33/34 MP: 8/8
  1968 | D:3      | Noticed an ogre
  1989 | D:3      | Killed an ogre
  2220 | D:3      | Reached XP level 6. HP: 35/39 MP: 5/9
  2284 | D:3      | Found a faded altar of an unknown god.
  2288 | D:3      | Found a shadowy altar of Dithmenos.
  2421 | D:3      | Reached skill level 4 in Stealth
  3033 | D:4      | Reached XP level 7. HP: 45/45 MP: 11/11
  3430 | D:4      | HP: 1/45 [iguana (12)]
  3567 | D:4      | Reached skill level 5 in Stealth
  3772 | D:4      | Found a runed translucent gate.
  3772 | D:4      | Found a runed translucent gate.
  3774 | D:4      | Found a runed translucent gate.
  3774 | D:4      | Noticed IdlyInterested's ghost (novice DsGl)
  3934 | D:5      | Entered Level 5 of the Dungeon
  3934 | D:5      | Noticed Grinder
  3937 | D:5      | Paralysed by Grinder for 5 turns
  3950 | D:5      | HP: 2/45 [Grinder (5)]
  3955 | D:5      | Killed from afar by Grinder

Illustrated notes

Levels and vault maps discovered:
D:1:      psy_arrival_dodecagon, layout_rooms,
          shapermc_ecumenical_altar_hornbeckon, minmay_octomino_j4
D:2:      layout_loops_corners
D:3:      layout_loops_ring, regret_index_temple_of_mockery,
          nicolae_overflow_ecumenical_swirl, minmay_goblin_outpost
D:4:      layout_loops_corners, gammafunk_ghost_nasty_kobolds,
          minmay_misc_feat_more_columns, hangedman_decor_lopped
D:5:      layout_layer_cave, mainiacjoe_overflow_alcove_2, marbit_many_paths,
          nicolae_ossuary_entry_monument, uniq_eustachio, uniq_menkaure,
          uniq_grinder, uniq_blork_the_orc

Skill      XL: |  1  2  3  4  5  6  7 |
---------------+----------------------+-----
Stealth        | 1 2 3 4 5 |  5.0
Poison Magic   | 1 2 3 |  3.5
Throwing       | 1 2 |  2.0
Fighting       | 2 |  2.4
Transmutations | 3 |  3.1
Dodging        | 3 |  3.1
Unarmed Combat | |  3.8
Spellcasting   | |  2.8

Action                     |  1- 3 |  4- 6 |  7- 9 || total
---------------------------+-------+-------+-------++-------
  Melee: Unarmed           |    70 |    31 |    17 ||   118
         Constrict         |    17 |    24 |     8 ||    49
         Tentacles         |    10 |    19 |     8 ||    37
         Kick              |     8 |     8 |       ||    16
         Punch             |     1 |     1 |       ||     2
         Mace              |       |    61 |    24 ||    85
   Fire: Sling             |       |    53 |    16 ||    69
  Throw: Dart              |       |     4 |     3 ||     7
   Cast: Beastly Appendage |     8 |     6 |       ||    14
         Wereblood         |     1 |     3 |     1 ||     5
         Spider Form       |       |     1 |     2 ||     3
    Use: Potion            |     1 |       |     4 ||     5
         Scroll            |       |     9 |       ||     9
   Stab: Sleeping          |     3 |     5 |       ||     8
         Distracted        |       |     1 |       ||     1
 Armour: Skin              |    20 |    16 |     4 ||    40
  Dodge: Dodged            |    27 |    67 |    33 ||   127

Table legend: (Time is in decaauts)
 A = Elapsed time spent in this place.
 B = Non-inter-level travel time spent in this place.
 C = Inter-level travel time spent in this place.
 D = Time resting spent in this place.
 E = Time spent auto-exploring this place.
 F = Levels seen in this place.
 G = Mean time per level.
                   A        B        C        D        E       F      G
               +--------+--------+--------+--------+--------+-----+--------+
         Total |   3992 |   3883 |    109 |      0 |   3139 |   5 |  798.4 |
       Dungeon |   3992 |   3883 |    109 |      0 |   3139 |   5 |  798.4 |
               +--------+--------+--------+--------+--------+-----+--------+

Top non-repeatable levels by time:
     D:4: 1256 daAuts
     D:3: 1057 daAuts
     D:2: 912 daAuts
     D:1: 747 daAuts
     D:5: 19 daAuts
